 Dungeon Crawl Stone Soup version 0.31-a0-219-g8d62b2e7bb (webtiles) character file.

Game seed: 12197633653648524831

1676 bmack86 the Cleaver (level 8, -2/60 (64) HPs)
             Began as a Minotaur Fighter on July 3, 2023.
             Slain by a wight
             ... wielding a +4 long sword
              (3 damage)
             ... on level 6 of the Dungeon.
             The game lasted 00:15:15 (4596 turns).

bmack86 the Cleaver (Minotaur Fighter)              Turns: 4596, Time: 00:15:16

HP:   -2/60 (64)    AC: 11    Str: 23    XL:     8   Next: 70%
MP:   7/7           EV:  8    Int:  5    God:
Gold: 177           SH:  4    Dex: 10    Spells: 7/7 levels left

rFire   . . .        a - +0 war axe
rCold   . . .        c - +0 buckler
rNeg    . . .        w - +0 chain mail
rPois   .            (helmet restricted)
rElec   .            y - scarf {harm}
rCorr   .            (no gloves)
SInv    .            g - +1 pair of boots
Will    .....        (no amulet) Stlth
                     C - ring of flight
HPRegen 0.30/turn    (no ring)
MPRegen 0.10/turn

%: harm (+30% outgoing, +20% incoming)
@: flying, drained
A: horns 2, retaliatory headbutt
a: no special abilities


You were on level 6 of the Dungeon.
You visited 1 branch of the dungeon, and saw 6 of its levels.

You collected 177 gold pieces.

Inventory:

Hand Weapons
 a - a +0 war axe (weapon)
Missiles
 d - 3 boomerangs
 E - 3 poisoned darts
Armour
 b - a +0 scale mail
 c - a +0 buckler (worn)
 g - a +1 pair of boots (worn)
 w - a +0 chain mail (worn)
 y - a scarf of harm (worn)
Jewellery
 x - a ring of positive energy
 C - a ring of flight (left hand)
Scrolls
 e - a scroll of torment {unknown}
 f - 2 scrolls of fear
 m - a scroll of amnesia {unknown}
 n - a scroll of butterflies {unknown}
 o - 2 scrolls of poison {unknown}
 q - a scroll of silence {unknown}
 r - a scroll of vulnerability {unknown}
 u - a scroll of blinking
 v - a scroll of revelation {unknown}
 A - 2 scrolls of immolation {unknown}
 D - a scroll of teleportation {unknown}
Potions
 h - 2 potions of enlightenment
 i - 2 potions of degeneration
 j - a potion of cancellation
 k - a potion of mutation
 l - 2 potions of resistance
 p - 3 potions of curing
 s - 4 potions of brilliance
 t - a potion of lignification {unknown}
 z - 3 potions of attraction
Miscellaneous
 B - a condenser vane


   Skills:
 - Level 3.6 Fighting
 + Level 13.3 Axes
 - Level 3.6 Armour
 - Level 3.6 Shields


You had 7 spell levels left.
You didn't know any spells.
Your spell library contained the following spells:

 Spells                   Type           Power      Damage    Failure   Level
 Sting                    Tmut/Pois      0%         1d3       98%         1
 Poisonous Vapours        Pois/Air       0%         N/A       99%         2
 Call Canine Familiar     Summ           0%         N/A       100%        3
 Portal Projectile        Hex/Tloc       0%         N/A       100%        3
 Leda's Liquefaction      Hex/Erth       0%         N/A       100%        4
 Olgreb's Toxic Radiance  Pois           0%         N/A       100%        4
 Chain Lightning          Conj/Air       0%         N/A       100%        9
 Fire Storm               Conj/Fire      0%         5d1       100%        9
 Shatter                  Erth           0%         3d5*      100%        9


Dungeon Overview and Level Annotations

Branches:
Dungeon (6/15)
 Temple: D:4-7

Altars:
Elyvilon
Xom

Shops:
D:2 (

Annotations:
D:4 2 transporters, hgbash's ghost, amateur DECj


Innate Abilities, Weirdness & Mutations

You have a pair of horns on your head.
You reflexively headbutt those who attack you in melee.


Message History

The wight is moderately damaged.
You hit the wight. x2; The wight barely misses you.
The wight hits you with a +2 morningstar.
The wight hits you but does no damage.
You slash the wight!
You destroy the wight!
You slash the wight!
You destroy the wight!
You slash the wight! The wight hits you with a +4 mace!
You feel drained.
Your life force feels restored.
Your Axes skill increases to level 13!
You barely miss the wight. Your headbutt misses the wight.
The wight is almost destroyed.
The wight hits you with a +4 mace!
You feel drained.
You hit the wight.
The wight is almost destroyed.
The wight hits you with a +4 mace.
You slash the wight!
You destroy the wight!
Your life force feels restored.
A wight comes into view. It is wielding a +4 long sword.
Things that are here:
a +4 mace; a +0 robe The wight hits you with a +4 long sword.
* * * LOW HITPOINT WARNING * * *
You hit the wight but do no damage. You barely miss the wight.
Your headbutt misses the wight.
The wight hits you with a +4 long sword.
* * * LOW HITPOINT WARNING * * *
You feel drained.
You closely miss the wight. You headbutt the wight.
The wight is lightly damaged.
The wight hits you with a +4 long sword.
* * * LOW HITPOINT WARNING * * *
You hit the wight.
The wight is moderately damaged.
The wight hits you with a +4 long sword!
* * * LOW HITPOINT WARNING * * *
You feel drained.
You die...

##. ## #.. ♣♣♣ #.
...##♣♣ ♣♣♣.♣♣
#.##.....♣♣ ♣♣.....
#.#.......♣♣♣......
#....≈~≈...♣...≈~≈.
#.z.≈≈~≈≈.....≈≈~≈≈
#.@.~~♣~~.....~~_~~
##..≈≈~≈≈.....≈≈~≈≈
#..)≈~≈...♣...≈~≈.
##..)....♣♣♣......
##/))..♣♣ ♣♣.....
#####♣♣ ♣♣♣.♣♣ ♣♣♣


You could see a wight.

Vanquished Creatures
  A black bear (D:5)
  4 ogres
  2 centaurs (D:5)
  2 phantoms (D:5)
  Blork the orc (D:5)
  A scorpion (D:5)
  4 wights (D:6)
  A hound (D:5)
  3 jellies (D:5)
  6 iguanas (D:5)
  An orc wizard (D:6)
  A sleepcap (D:6)
  6 gnolls
  11 adders
  A white imp (D:5)
  2 ufetubi (D:5)
  5 worms
  10 orcs
  4 bats
  7 endoplasms
  4 giant cockroaches
  9 goblins
  9 hobgoblins
  2 jackals (D:4)
  5 kobolds
  5 quokkas
  13 ball pythons
  3 frilled lizards (D:1)
  7 rats
130 creatures vanquished.

Notes
Turn   | Place    | Note
-------+----------+-------------------------------------------
     0 | D:1      | bmack86 the Minotaur Fighter began the quest for the Orb.
     0 | D:1      | Reached XP level 1. HP: 19/19 MP: 0/0
   130 | D:1      | Reached skill level 3 in Axes
   150 | D:1      | Found a faded altar of an unknown god.
   327 | D:1      | Reached XP level 2. HP: 26/26 MP: 1/1
   547 | D:1      | Reached skill level 4 in Axes
   585 | D:1      | Reached XP level 3. HP: 23/31 MP: 2/2
   923 | D:2      | Reached skill level 5 in Axes
   924 | D:2      | Reached XP level 4. HP: 25/39 MP: 3/3
  1193 | D:2      | Found Defaut's Antique Weapon Boutique.
  1464 | D:2      | You fall into a shaft and drop 2 floors!
  1697 | D:3      | Reached skill level 6 in Axes
  1924 | D:3      | Reached XP level 5. HP: 44/45 MP: 4/4
  2395 | D:4      | Found a shimmering altar of Xom.
  2395 | D:4      | Found a shimmering altar of Xom.
  2395 | D:4      | Found a shimmering altar of Xom.
  2395 | D:4      | Found a shimmering altar of Xom.
  2395 | D:4      | Found a shimmering altar of Xom.
  2400 | D:4      | Found a shimmering altar of Xom.
  2429 | D:4      | Noticed an ogre
  2436 | D:4      | Killed an ogre
  2437 | D:4      | Reached skill level 7 in Axes
  2667 | D:4      | Reached XP level 6. HP: 51/51 MP: 5/5
  3068 | D:4      | Found a transporter.
  3068 | D:4      | Found a transporter.
  3087 | D:4      | Noticed hgbash's ghost (amateur DECj)
  3089 | D:4      | Identified the +4 trident of Ascent {chaos, rF- rC++
                  | Stlth+}
  3265 | D:5      | Entered Level 5 of the Dungeon
  3267 | D:5      | Reached skill level 8 in Axes
  3441 | D:5      | HP: 2/51 [iguana (13)]
  3449 | D:5      | Reached skill level 9 in Axes
  3541 | D:5      | Reached XP level 7. HP: 57/57 MP: 6/6
  3649 | D:5      | Reached skill level 10 in Axes
  3801 | D:5      | Noticed Blork the orc
  3805 | D:5      | Killed Blork the orc
  3806 | D:5      | Reached skill level 11 in Axes
  3817 | D:5      | Reached XP level 8. HP: 39/64 MP: 7/7
  4065 | D:5      | Reached skill level 12 in Axes
  4554 | D:6      | Found a white marble altar of Elyvilon.
  4585 | D:6      | Reached skill level 13 in Axes
  4596 | D:6      | HP: 1/62 [wight/+4 long sword (8)]
  4596 | D:6      | Slain by a wight

Illustrated notes

Levels and vault maps discovered:
D:1:      sevenhm_arrival_forest_fort_small_5, layout_loops_corners,
          hellmonk_ecumenical_altar_inner_sanctum, minivault_23,
          nicolae_wormholes
D:2:      layout_basic, serial_shops, shop, grunt_ministairs_11
D:3:      layout_loops_ring, st_stairs_7, minmay_snake_closets
D:4:      nicolae_BIG_FREAKIN_CUBE, layout_basic, xom_redecorated,
          gammafunk_ghost_gnarly_gnolls
D:5:      minmay_octagon_keep, layout_basic, uniq_blork_the_orc
D:6:      layout_loops_ring, mainiacjoe_overflow_alcove_1, elyvilon_altar_3,
          kennysheep_another_room, kennysheep_nub

Skill      XL: |  1  2  3  4  5  6  7  8 |
---------------+-------------------------+-----
Axes           | 3 4 5 6 7 9 11 13 | 13.3
Fighting       | |  3.6
Armour         | |  3.6
Shields        | |  3.6

Action                     |  1- 3 |  4- 6 |  7- 9 || total
---------------------------+-------+-------+-------++-------
  Melee: War axe           |    62 |   131 |    82 ||   275
         Headbutt          |     8 |    14 |     9 ||    31
    Use: Scroll            |       |    10 |     1 ||    11
         Potion            |       |     2 |     2 ||     4
 Armour: Scale mail        |    32 |    42 |       ||    74
         Chain mail        |       |    40 |    42 ||    82
  Dodge: Dodged            |    26 |    65 |    22 ||   113
  Block: Buckler           |    14 |    27 |     9 ||    50

Table legend: (Time is in decaauts)
 A = Elapsed time spent in this place.
 B = Non-inter-level travel time spent in this place.
 C = Inter-level travel time spent in this place.
 D = Time resting spent in this place.
 E = Time spent auto-exploring this place.
 F = Levels seen in this place.
 G = Mean time per level.
                   A        B        C        D        E       F      G
               +--------+--------+--------+--------+--------+-----+--------+
         Total |   4643 |   4499 |    144 |    131 |   3076 |   6 |  773.8 |
       Dungeon |   4643 |   4499 |    144 |    131 |   3076 |   6 |  773.8 |
               +--------+--------+--------+--------+--------+-----+--------+

Top non-repeatable levels by time:
     D:5: 1000 daAuts
     D:4: 964 daAuts
     D:1: 935 daAuts
     D:3: 720 daAuts
     D:2: 695 daAuts
     D:6: 327 daAuts
